 Dungeon Crawl Stone Soup version 0.29.1-12-g30fa7ad0bf (webtiles) character file.

Game seed: 15940161806971576152

2679 saga the Nimble (level 9, -12/46 HPs)
             Began as a Spriggan Hunter on Jan 7, 2023.
             Was a Believer of Okawaru.
             Killed from afar by Blork the orc (13 damage)
             ... with a puff of frost
             ... on level 6 of the Dungeon.
             The game lasted 00:44:11 (6811 turns).

saga the Nimble (Spriggan Hunter)                   Turns: 6811, Time: 00:44:13

Health: -12/46     AC:  2    Str:  7    XL:     9   Next: 37%
Magic:  12/12      EV: 22    Int: 11    God:    Okawaru [**....]
Gold:   271        SH:  0    Dex: 22    Spells: 8/8 levels left

rFire   . . .      SeeInvis +   a - +0 shortbow
rCold   . . .      Faith    .   (shield currently unavailable)
rNeg    . . .      Spirit   .   c - +0 robe
rPois   .          Reflect  .   (helmet restricted)
rElec   .          Harm     .   (no cloak)
rCorr   .          Rampage  .   (gloves unavailable)
Will    +....                   (boots unavailable)
Stlth   ++++......              i - amulet of the acrobat
HPRegen 0.15/turn               (no ring)
MPRegen 0.13/turn               (no ring)

@: grasped by roots, constricted, very quick
A: very small, no large weapons, unfitting armour, see invisible, speed 3
a: Renounce Religion, Heroism


You were on level 6 of the Dungeon.
You worshipped Okawaru.
Okawaru was pleased with you.
You visited 1 branch of the dungeon, and saw 8 of its levels.

You collected 271 gold pieces.

Inventory:

Hand Weapons
 a - a +0 shortbow (weapon)
Missiles
 k - 5 poisoned darts
Armour
 c - a +0 robe (worn)
Jewellery
 i - an amulet of the acrobat (around neck)
Scrolls
 f - a scroll of silence
 j - a scroll of magic mapping {unknown}
 l - 2 scrolls of teleportation
 n - a scroll of summoning {unknown}
 o - 2 scrolls of poison {unknown}
 q - a scroll of vulnerability {unknown}
 s - a scroll of noise {unknown}
 t - a scroll of butterflies {unknown}
Potions
 e - 2 potions of haste
 h - 2 potions of attraction {unknown}
 m - 2 potions of mutation {unknown}
 p - 2 potions of curing
 r - a potion of resistance {unknown}


   Skills:
 + Level 4.4 Fighting
 * Level 8.2 Ranged Weapons
 * Level 9.5 Dodging
 + Level 7.8 Stealth
 + Level 3.5 Invocations


You had 8 spell levels left.
You didn't know any spells.
Your spell library contained the following spells:

 Spells                   Type           Power      Damage    Failure   Level
 Apportation              Tloc           0%         N/A       34%         1
 Necrotise                Necr           0%         1d4       34%         1
 Sandblast                Erth           0%         2d4       34%         1
 Passwall                 Tmut/Erth      0%         N/A       47%         2
 Stone Arrow              Conj/Erth      0%         3d7       71%         3
 Fulminant Prism          Conj/Hex       0%         3d6       98%         4
 Iskenderun's Mystic Bla  Conj/Tloc      0%         2d3       98%         4
 Passage of Golubria      Tloc           0%         N/A       98%         4
 Lee's Rapid Deconstruct  Erth           0%         3d5*      100%        5
 Yara's Violent Unravell  Hex/Tmut       0%         3d3       100%        5
 Summon Small Mammal      Summ           Unusable   N/A       N/A         1
 Tukima's Dance           Hex            Unusable   N/A       N/A         3

Dungeon Overview and Level Annotations

Branches:
Dungeon (8/15)
 Temple: D:4-7         Lair: D:8-11

Altars:
Dithmenos
Fedhas
Okawaru
Qazlal
Ru
Trog
Zin
The Shining One

Shops:
D:1 :

Annotations:
D:6 1 runed translucent door, Blork the orc, Crazy Yiuf, Dowan, Duvessa


Innate Abilities, Weirdness & Mutations

You are very small and have problems with some larger weapons.
You are too small for most types of armour.
You have supernaturally acute eyesight. (SInv)
You cover ground extremely quickly. (Speed+++)


Message History

Press: ? - help, Q - select action, (/) - cycle Shift-Dir - straight line, f/p - Blork the orc
Aim: Blork the orc, wielding a +0 trident, wearing a +0 robe and carrying a wand of roots (3) (severely wounded, fast, 72% to hit)
You shoot an arrow. The arrow hits Blork the orc.
Blork the orc is severely wounded.
Blork the orc zaps a wand.
The roots erupt in riotous growth!
The grasping roots grab you! The grasping roots constrict you.
Fire: a) +0 shortbow
Press: ? - help, Q - select action, (/) - cycle Shift-Dir - straight line, f/p - Blork the orc
Aim: Blork the orc, wielding a +0 trident, wearing a +0 robe and carrying a wand of roots (2) (severely wounded, fast, 72% to hit)
You shoot an arrow. The arrow hits Blork the orc.
Blork the orc is severely wounded.
The grasping roots constrict you.
Fire: a) +0 shortbow
Press: ? - help, Q - select action, (/) - cycle Shift-Dir - straight line, f/p - Blork the orc
Aim: Blork the orc, wielding a +0 trident, wearing a +0 robe and carrying a wand of roots (2) (severely wounded, fast, 72% to hit)
You shoot an arrow. The arrow barely misses Blork the orc.
The grasping roots constrict you.
* * * LOW HITPOINT WARNING * * *
The grasping roots constrict you.
* * * LOW HITPOINT WARNING * * *
The grasping roots release their grip on you.
Blork the orc zaps a wand.
The roots erupt in riotous growth!
The grasping roots grab you! The grasping roots constrict you.
* * * LOW HITPOINT WARNING * * *
The roots grasp on you weakens, but your attempt to escape fails.
The grasping roots constrict you.
* * * LOW HITPOINT WARNING * * *
Fire: a) +0 shortbow
Press: ? - help, Q - select action, (/) - cycle Shift-Dir - straight line, f/p - Blork the orc
Aim: Blork the orc, wielding a +0 trident, wearing a +0 robe and carrying a wand of roots (1) (severely wounded, fast, 72% to hit)
You shoot an arrow.
The arrow hits Blork the orc but does no damage.
Blork the orc is severely wounded.
The grasping roots constrict you.
* * * LOW HITPOINT WARNING * * *
Blork the orc casts a spell at you. The puff of frost hits you!
You die...

#### #.## ##.## ##.#
.#..# ##.## ....#
##...# ....## #....#
.....########## ##..##
..............####....#
......#######.o..#)..##
.###### ####@...## ..
###### .## ## #


You could see Blork the orc (fast).

Vanquished Creatures
  Pikel (D:4)
  Grinder (D:5)
  Sigmund (D:2)
  An acid dragon (D:6)
  2 orc warriors (D:6)
  A sky beast (D:7)
  An ice beast (D:6)
  2 black bears (D:5)
  4 ogres
  3 lemures (D:4)
  A bullfrog (D:6)
  A scorpion (D:5)
  A howler monkey (D:5)
  2 jellies (D:5)
  2 hounds
  A gnoll bouda (D:5)
  Jessica (D:2)
  2 iguanas
  Ijyb (D:3)
  Natasha (thrice) (D:3)
  5 orc wizards
  Robin (D:2)
  8 gnolls (D:5)
  6 adders
  3 shadow imps
  A white imp (D:4)
  2 worms (D:3)
  3 dart slugs
  12 orcs
  5 ball pythons
  3 endoplasms
  5 giant cockroaches
  14 hobgoblins
  4 jackals (D:4)
  5 quokkas
  4 bats
  2 frilled lizards
  10 goblins
  2 kobolds
  A rat (D:2)
128 creatures vanquished.

Notes
Turn   | Place    | Note
-------+----------+-------------------------------------------
     0 | D:1      | saga the Spriggan Hunter began the quest for the Orb.
     0 | D:1      | Reached XP level 1. HP: 10/10 MP: 2/2
    14 | D:1      | Found a faded altar of an unknown god.
   114 | D:1      | Reached skill level 3 in Dodging
   114 | D:1      | Reached XP level 2. HP: 15/15 MP: 3/3
   129 | D:1      | Found Zigust's Book Shoppe.
   519 | D:2      | Reached XP level 3. HP: 18/18 MP: 4/4
   588 | D:2      | Noticed Robin
   898 | D:2      | Noticed Jessica
   901 | D:2      | Killed Jessica
   902 | D:2      | Reached XP level 4. HP: 23/23 MP: 5/5
   938 | D:2      | Noticed Sigmund
  1420 | D:2      | Reached skill level 4 in Dodging
  1448 | D:2      | Killed Robin
  1615 | D:2      | HP: 1/23 [Sigmund/+0 scythe (7)]
  1616 | D:2      | Killed Sigmund
  1617 | D:2      | Reached skill level 5 in Ranged Weapons
  1617 | D:2      | Reached skill level 5 in Dodging
  1617 | D:2      | Reached XP level 5. HP: 2/27 MP: 6/6
  1945 | D:3      | Noticed Ijyb
  2044 | D:3      | Killed Ijyb
  2045 | D:3      | Reached XP level 6. HP: 32/32 MP: 7/7
  2125 | D:3      | Found a glowing golden altar of the Shining One.
  2125 | D:3      | Found an iron altar of Okawaru.
  2359 | D:3      | Noticed Natasha
  2364 | D:3      | Killed Natasha
  2369 | D:3      | Noticed Natasha
  2822 | D:3      | Killed Natasha
  2937 | D:3      | Noticed Natasha
  2947 | D:3      | Killed Natasha
  3359 | D:4      | Noticed Pikel
  3508 | D:4      | Reached skill level 6 in Dodging
  3508 | D:4      | Reached skill level 5 in Stealth
  3508 | D:4      | Reached XP level 7. HP: 36/36 MP: 8/8
  3647 | D:4      | Found a stormy altar of Qazlal.
  3647 | D:4      | Found a sacrificial altar of Ru.
  3648 | D:4      | Found a shadowy altar of Dithmenos.
  3706 | D:4      | Found a blossoming altar of Fedhas.
  3783 | D:3      | Became a worshipper of Warmaster Okawaru
  3845 | D:4      | Killed Pikel
  3845 | D:4      | Reached * piety under Okawaru
  3846 | D:4      | Reached skill level 7 in Dodging
  3846 | D:4      | Reached skill level 1 in Invocations
  3846 | D:4      | Reached XP level 8. HP: 40/40 MP: 8/10
  4061 | D:4      | Found a glowing silver altar of Zin.
  4213 | D:5      | Entered Level 5 of the Dungeon
  4313 | D:5      | You fall into a shaft and drop 3 floors!
  4618 | D:6      | Noticed Blork the orc
  4931 | D:5      | Reached skill level 8 in Dodging
  4969 | D:5      | HP: 2/42 [black bear (5)]
  5137 | D:5      | Reached ** piety under Okawaru
  5152 | D:5      | Noticed Grinder
  5159 | D:5      | Paralysed by Grinder for 5 turns
  5583 | D:5      | Killed Grinder
  5584 | D:5      | Reached XP level 9. HP: 45/45 MP: 12/12
  5745 | D:5      | Reached skill level 9 in Dodging
  5905 | D:6      | Noticed Duvessa
  5905 | D:6      | Noticed Dowan
  6541 | D:6      | Found a runed translucent door.
  6542 | D:6      | Noticed Crazy Yiuf
  6770 | D:6      | Found a bloodstained altar of Trog.
  6811 | D:6      | HP: 1/46 [constriction (4)]
  6811 | D:6      | Killed from afar by Blork the orc

Illustrated notes

Levels and vault maps discovered:
D:1:      amcnicky_arrival_choice, layout_rooms, basic_ecumenical_altar,
          serial_shops, nicolae_shop_stone
D:2:      minmay_alternating_diamond, layout_basic, uniq_jessica, uniq_robin,
          uniq_sigmund
D:3:      layout_loops_ring, mainiacjoe_overflow_large_starburst,
          cheibrodos_sewer_entry_bend, minmay_misc_feat_plants,
          dreamdust_wishing_well, uniq_ijyb, uniq_natasha
D:4:      layout_basic, nicolae_overflow_hidden_temple, uniq_pikel
D:5:      layout_cave_pods, uniq_grinder
D:6:      layout_cave_pools, trog_three_pillars_becter,
          minmay_temple_entry_drinking_statues, abandoned_shop, uniq_duvessa,
          uniq_edmund, uniq_maggie, uniq_crazy_yiuf_cottage, uniq_blork_the_orc
D:7:      layout_rooms, enter_bailey_5
D:8:      layout_rooms, grunt_temple_overflow_magic_moments,
          nicolae_gozag_cash_rules_everything_around_me

Skill      XL: |  1  2  3  4  5  6  7  8  9 |
---------------+----------------------------+-----
Dodging        | 3 5 6 7 8 9 |  9.5
Stealth        | 2 3 4 5 7 |  7.8
Fighting       | 2 3 4 |  4.4
Ranged Weapons | 5 6 7 8 |  8.2
Invocations    | 1 3 |  3.5

Action                   |  1- 3 |  4- 6 |  7- 9 || total
-------------------------+-------+-------+-------++-------
 Fire: Shortbow          |    86 |   145 |   270 ||   501
  Use: Scroll            |       |     1 |     8 ||     9
       Potion            |       |       |     4 ||     4
Armor: Robe              |     2 |     2 |     6 ||    10
Dodge: Dodged            |    18 |    36 |   127 ||   181
